Map: Kairos Junction LE

Players

zuka - Winner!

  • Race: Protoss Protoss
  • League: Diamond
  • Spawn Location: 5:00

Rowrin

  • Race: Terran Terran
  • League: Master
  • Spawn Location: 11:00

VOD

Have the link to the VOD?

Description

Time

  • Played on: March 30, 2019, 4:31 p.m.
  • Length: 7:44
Show
View Real Time Build Order
Export as new Build Order

zuka Protoss - Winner!

Build Orders: 1 Gate Expand 

Get SALT Encoding   

  12  0:00  Probe  
  13  0:12  Probe  
  14  0:17  Pylon  
  14  0:20  Probe  
  15  0:31  Probe  
  15  0:39  Gateway  
  16  0:44  Probe  
  16  0:48  Assimilator  
  17  0:55  Probe  
  18  1:03  Probe  
  19  1:20  Probe  
  20  1:30  Nexus  
  20  1:39  Cybernetics Core  
  20  1:42  Probe  
  21  1:47  Assimilator  
  22  1:54  Probe  
  22  1:58  Pylon  
  22  2:06  Probe, Stalker  
  23  2:16  Warp Gate  
  23  2:18  Probe  
  26  2:30  Probe  
  26  2:36  Stalker  
  29  2:42  Probe  
  29  2:45  Probe  
  29  2:46  Robotics Facility  
  30  2:54  Probe x2  
  32  3:04  Probe  
  32  3:06  Probe  
  32  3:07  Twilight Council  
  34  3:14  Probe  
  34  3:16  Pylon  
  34  3:19  Probe  
  36  3:24  Immortal  
  36  3:26  Probe  
  37  3:31  Probe  
  42  3:38  Probe  
  43  3:43  Charge, Probe  
  44  3:49  Gateway  
  44  3:54  Gateway  
  44  3:58  Warp Prism  
  44  4:05  Sentry  
  44  4:07  Gateway  
  48  4:15  Gateway  
  48  4:22  Gateway  
  48  4:29  Gateway  
  48  4:31  Zealot  
  50  4:35  Observer  
  50  4:37  Pylon  
  51  4:40  Gateway  
  51  4:47  Gateway  
  51  4:51  Gateway  
  51  4:56  Sentry  
  51  4:57  Zealot  
  55  5:07  Shield Battery  
  55  5:16  Zealot x2  
  55  5:17  Zealot  
  58  5:46  Stalker  
  58  5:47  Stalker x3  
  58  5:48  Stalker x3  
  57  6:07  Stalker x3  
  57  6:08  Probe x2  
  57  6:20  Probe x2  
  59  6:31  Stalker  
  62  6:32  Probe  
  62  6:34  Pylon  
  62  6:35  Pylon  
  62  6:52  Probe  
  63  6:58  Stalker x5  
  63  6:59  Stalker  
  68  7:15  Zealot x3  
  68  7:23  Zealot  
  68  7:24  Zealot  
Show
View Real Time Build Order
Export as new Build Order

Rowrin Terran 

Build Orders: Gas First Reaper Expand 

Get SALT Encoding   

  12  0:00  SCV  
  13  0:13  SCV  
  14  0:16  Supply Depot  
  14  0:25  SCV  
  14  0:28  Refinery  
  15  0:38  SCV  
  16  0:45  Barracks  
  16  0:54  SCV  
  17  1:07  SCV  
  18  1:20  SCV  
  19  1:36  Orbital Command  
  19  1:42  Reaper  
  20  1:49  Refinery  
  20  2:01  Command Center  
  20  2:05  SCV  
  21  2:16  Factory  
  21  2:19  SCV  
  22  2:28  Supply Depot  
  22  2:30  Barracks Reactor  
  22  2:40  SCV  
  23  2:53  SCV  
  24  2:59  Starport  
  24  3:05  SCV  
  25  3:11  Hellion x2  
  29  3:17  SCV  
  30  3:29  SCV  
  30  3:32  Orbital Command  
  30  3:33  Hellion x2  
  35  3:37  Supply Depot  
  35  3:43  Fusion Core  
  35  3:49  Starport Tech Lab  
  35  3:50  SCV  
  36  4:01  SCV, Supply Depot  
  36  4:02  SCV  
  38  4:09  Marine x2  
  40  4:14  SCV  
  40  4:15  SCV  
  42  4:29  Battlecruiser  
  42  4:30  Marine  
  42  4:31  Marine  
  50  4:33  SCV x2  
  50  4:37  Supply Depot  
  52  4:45  SCV  
  52  4:46  SCV  
  54  4:53  Marine x2  
  54  4:55  Widow Mine  
  58  5:00  Supply Depot  
  58  5:04  SCV x2  
  60  5:11  Command Center  
  60  5:24  Widow Mine  
  48  5:44  SCV x2  
  46  5:55  Marine x2  
  48  5:58  SCV  
  48  5:59  SCV  
  47  6:10  Supply Depot x2  
  47  6:20  Marine x2  
  47  6:24  Orbital Command  
  49  6:25  Barracks  
  49  6:27  Barracks  
  49  6:31  Barracks, SCV x2  
  51  6:41  Marine x2  
  51  6:43  SCV x2  
  57  6:51  Factory Tech Lab  
  57  6:53  SCV  
  56  6:55  SCV  
  56  6:56  Refinery  
  56  6:57  Refinery, SCV  
  55  7:04  Marine  
  55  7:05  Marine, SCV  
  53  7:14  Marine x2  
  52  7:20  Marine  
  52  7:22  Marine x2  
Tags
 
Add a new tag
Caveats
  • Supply blocks, unpowered buildings, or Contaminate may cause inaccurate times.
  • Supply counts are checked every 10 seconds.